 Dungeon Crawl Stone Soup version 0.30.1-4-g462c640d31 (webtiles) character file.

Game seed: 11090844892217635321

43431 Pyropingo the Severer (level 13, 0/129 HPs)
             Began as a Minotaur Berserker on Sept 17, 2023.
             Was a High Priest of Trog.
             Killed from afar by Asterion (21 damage)
             ... with an orb of electricity
             ... on level 2 of the Snake Pit.
             The game lasted 01:13:32 (13426 turns).

Pyropingo the Severer (Minotaur Berserker)         Turns: 13426, Time: 01:13:32

Health: 0/129      AC: 35    Str: 26    XL:     13   Next: 90%
Magic:  4/4        EV: 14    Int:  8    God:    Trog [*****.]
Gold:   1539       SH:  0    Dex: 11    Spells: 12/12 levels left

rFire   . . .        O - +5 battleaxe (antimagic)
rCold   + . .        (shield currently unavailable)
rNeg    . . .        k - +6 plate armour
rPois   +            b - +1 hat of Weydan {Int+4 SInv}
rElec   .            Q - +2 cloak {rC+}
rCorr   .            N - +1 pair of gloves
SInv    +            n - +2 pair of boots
Will    .....        i - amulet of regeneration Stlth
                     g - +5 ring of evasion
HPRegen 1.21/turn    a - ring of poison resistance
MPRegen 0.09/turn

%: no passive effects
@: mighty, on berserk cooldown, slowed, studying Maces & Flails, very slow
A: horns 2, retaliatory headbutt
a: Renounce Religion, Berserk, Trog's Hand, Brothers in Arms


You were on level 2 of the Snake Pit.
You worshipped Trog.
Trog was extremely pleased with you.
You visited 4 branches of the dungeon, and saw 19 of its levels.
You also visited: Ossuary and Ice Cave.

You collected 1539 gold pieces.

Inventory:

Hand Weapons
 t - a +2 vampiric hand axe
 x - a +2 hand axe of draining
 O - a +5 antimagic battleaxe (weapon)
Armour
 b - the +1 hat of Weydan (worn) {Int+4 SInv}
   (You found it on level 12 of the Dungeon)

   Int:       It affects your intelligence (+4).
   SInv:      It lets you see invisible.
 k - a +6 plate armour (worn)
 n - a +2 pair of boots (worn)
 N - a +1 pair of gloves (worn)
 Q - a +2 cloak of cold resistance (worn)
Jewellery
 a - a ring of poison resistance (right hand)
 g - a +5 ring of evasion (left hand)
 i - an amulet of regeneration (around neck)
 l - a ring of willpower
 o - an amulet of reflection
 H - a ring of resist corrosion
 P - a +6 ring of dexterity
 U - a +5 ring of evasion
 W - a +6 ring of intelligence
 Y - a ring of see invisible
Wands
 s - a wand of polymorph (6)
 y - a wand of roots (10)
 B - a wand of mindburst (11)
 K - a wand of flame (18)
 L - a wand of digging (7)
 Z - a wand of paralysis (5)
Scrolls
 j - 7 scrolls of magic mapping
 p - 3 scrolls of fear
 u - 4 scrolls of teleportation
 v - a scroll of silence {unknown}
 A - 3 scrolls of fog
 F - 4 scrolls of poison {unknown}
 G - 4 scrolls of butterflies {unknown}
 J - a scroll of immolation {unknown}
 M - a scroll of brand weapon {unknown}
 T - 3 scrolls of noise {unknown}
Potions
 c - 5 potions of ambrosia
 d - 3 potions of flight
 e - 3 potions of curing
 f - 4 potions of brilliance
 h - a potion of might
 m - 2 potions of cancellation {unknown}
 r - a potion of magic {unknown}
 w - a potion of resistance {unknown}
 z - a potion of haste {unknown}
 C - 2 potions of attraction {unknown}
 D - 2 potions of heal wounds
 E - 3 potions of invisibility
 I - a potion of berserk rage {unknown}
 S - 2 potions of mutation {unknown}
 V - a potion of lignification {unknown}
Miscellaneous
 R - a phantom mirror


   Skills:
 * Level 16.2 Fighting
 + Level 17.2 Axes
 * Level 17.1 Armour
 * Level 2.7 Dodging
 - Level 1.0 Shields
 + Level 0.1 Evocations


You had 12 spell levels left.
You didn't know any spells.
Your spell library was empty.

Dungeon Overview and Level Annotations

Branches:
Dungeon (12/15)            Temple (0/1) D:4            Lair (2/5) D:11
  Snake (3/4) Lair:2          Orc (2/2) D:9             Elf (0/3) Orc:2
Ossuary (visited)           IceCv (visited)
  Swamp: Lair:2-3    Shoals: Lair:2-3

Altars:
Ashenzari
Fedhas
Gozag
Hepliaklqana
Nemelex Xobeh
Okawaru
Qazlal
Sif Muna
Wu Jian
Xom
Zin

Shops:
D:5 :   D:9 [   D:10 *   Orc:2 *   Snake:1 (

Annotations:
D:6 2 runed translucent doors, snaxamus's ghost, novice DsFi
Snake:2 Asterion
Orc:1 Harold


Innate Abilities, Weirdness & Mutations

You have a pair of horns on your head.
You reflexively headbutt those who attack you in melee.


Message History

Asterion is moderately wounded.
You barely miss the +2 spectral demon whip.
You are no longer berserk.
You are exhausted.
You feel yourself slow down.
Asterion hits you with a +2 spectral demon whip!!!
The +2 spectral demon whip misses you. Asterion misses you.
You hear a shout!
You slash Asterion! You headbutt Asterion!
Asterion is heavily wounded.
You barely miss the +2 spectral demon whip.
Asterion hits you with a +2 spectral demon whip!!
The +2 spectral demon whip hits you. Asterion gores you!
* * * LOW HITPOINT WARNING * * *
Asterion hits you with a +2 spectral demon whip!
* * * LOW HITPOINT WARNING * * *
The +2 spectral demon whip hits you but does no damage.
Asterion closely misses you. The balrug barely misses you.
Blink to where?
Press: ? - help, Dir - move target
Okay, then.
You closely miss the balrug. You slice the +2 spectral demon whip!!
Asterion shares his spectral weapon's damage!
The +2 spectral demon whip disappears.
You slice Asterion!! Asterion hits you but does no damage.
The +2 spectral demon whip hits you.
* * * LOW HITPOINT WARNING * * *
Asterion gores you!
* * * LOW HITPOINT WARNING * * *
The balrug misses you.
Asterion hits you with a +2 spectral demon whip.
* * * LOW HITPOINT WARNING * * *
The +2 spectral demon whip hits you but does no damage.
Asterion gores you but does no damage.
A +2 spectral demon whip comes into view.
Blink to where?
Press: ? - help, Dir - move target
As you read the scroll of blinking, it crumbles to dust.
Asterion conjures a destructive force in the name of Makhleb!
The orb of electricity explodes!
The orb of electricity engulfs you!!
You die...

#.>.# #...#
#.)ยง#######...#
#.2.H..[.#....#
##............#
#..)#######...#
#...# #...#
#...# ##..#
#...# #..##
#@..# #...#
####### ####
#...# #...#
......# #)..#
#...# #...#
#######
#...###...#
#...# #
#..)#....# #...#
#..#...## #...#
##....## #...#
##....## #...#
#....## ##...#


You could see Asterion (fast, strong) and a balrug (summoned).

Vanquished Creatures
  An orc warlord (Orc:2)
  A reaper (IceCv)
  2 anacondas (Snake:1)
  Erica (D:9)
  An alligator (Snake:2)
  A naga sharpshooter (Snake:2)
  A naga warrior (Snake:1)
  2 shock serpents (Snake:1)
  Nergalle (Lair:1)
  3 skeletal warriors (D:12)
  2 naga ritualists (Snake:1)
  An orc knight (Orc:1)
  2 deep elf pyromancers (D:12)
  3 salamanders (Snake:1)
  3 mana vipers (Snake:1)
  4 oklob plants (Lair:1)
  An orc sorcerer (Orc:2)
  14 black mambas
  An ice statue (IceCv)
  8 naga magi
  Maggie (D:9)
  2 gargoyles
  3 unseen horrors
  2 cane toads (Lair:1)
  A komodo dragon (D:10)
  A rime drake (Lair:1)
  3 anaconda simulacra (IceCv)
  4 trolls
  A blink frog (Lair:1)
  3 shadows
  A wraith (D:10)
  28 yaks
  A wyvern (D:10)
  2 steam dragons (D:4)
  3 death yak simulacra (IceCv)
  4 vampire mosquitoes
  12 nagas
  3 harpy simulacra (IceCv)
  2 acid dragons
  A hydra simulacrum (IceCv)
  6 water moccasins
  A sky beast (D:6)
  A black bear (D:7)
  21 orc warriors
  5 ogres
  7 centaurs
  A kobold brigand (D:8)
  4 bullfrogs
  2 scorpions (D:5)
  4 two-headed ogre simulacra (IceCv)
  A cane toad simulacrum (IceCv)
  9 wights
  13 killer bees
  3 elephant simulacra (IceCv)
  An electric eel (Lair:1)
  8 howler monkeys
  4 crimson imps (D:6)
  13 orc priests
  6 hounds
  A jelly (D:4)
  6 human zombies (Ossuary)
  A sleepcap (D:6)
  An iguana (D:7)
  A human skeleton (D:7)
  22 orc wizards
  9 troll simulacra (IceCv)
  5 spriggan simulacra (IceCv)
  A wolf simulacrum (IceCv)
  4 mummies (Ossuary)
  3 gnolls (D:2)
  12 adders
  5 naga simulacra (IceCv)
  A shadow imp (D:5)
  2 white imps (IceCv)
  9 ufetubi
  2 worms
  2 dart slugs
  86 orcs
  8 bats
  7 endoplasms
  2 giant cockroaches
  7 hobgoblins
  7 jackals
  2 quokkas
  2 ball pythons
  5 frilled lizards
  5 goblins
  A goblin zombie (Ossuary)
  A jackal zombie (Ossuary)
  8 kobolds
  An orc skeleton (D:7)
  3 orc zombies
  7 rats
  2 rat zombies (Ossuary)
  A spectral weapon (Snake:2)
483 creatures vanquished.

Vanquished Creatures (collateral kills)
  An orc knight (Orc:2)
  A warg (Orc:2)
  An orc (Orc:2)
3 creatures vanquished.

Grand Total: 486 creatures vanquished

Notes
Turn   | Place    | Note
-------+----------+-------------------------------------------
     0 | D:1      | Pyropingo the Minotaur Berserker began the quest for the
                  | Orb.
     0 | D:1      | Reached XP level 1. HP: 19/19 MP: 0/0
   210 | D:1      | Reached XP level 2. HP: 26/26 MP: 1/1
   759 | D:2      | Reached skill level 5 in Axes
   759 | D:2      | Reached XP level 3. HP: 26/31 MP: 2/2
   870 | D:2      | Reached ** piety under Trog
  1231 | D:2      | Reached XP level 4. HP: 39/39 MP: 3/3
  1638 | D:3      | Found a sparkling altar of Nemelex Xobeh.
  1893 | D:3      | Reached XP level 5. HP: 45/45 MP: 4/4
  2466 | D:4      | Reached *** piety under Trog
  2522 | D:4      | Noticed a steam dragon
  2523 | D:4      | Found a staircase to the Ecumenical Temple.
  2523 | D:4      | Noticed a steam dragon
  2529 | D:4      | Killed a steam dragon
  2530 | D:4      | Reached XP level 6. HP: 43/51 MP: 5/5
  2534 | D:4      | Killed a steam dragon
  2535 | D:4      | Reached skill level 1 in Shields
  2540 | D:4      | Reached XP level 7. HP: 27/57 MP: 6/6
  3234 | D:5      | Entered Level 5 of the Dungeon
  3312 | D:5      | Reached skill level 10 in Axes
  3375 | D:5      | Found an iron altar of Okawaru.
  3450 | D:5      | Found Ishedics's Self-Improvement Boutique.
  3784 | D:5      | Found a shimmering blue altar of Sif Muna.
  3787 | D:5      | Found a glowing silver altar of Zin.
  3790 | D:5      | Found a hazy altar of Hepliaklqana.
  3793 | D:5      | Found a stormy altar of Qazlal.
  3887 | D:6      | Reached XP level 8. HP: 60/67 MP: 7/7
  3891 | D:6      | Reached skill level 5 in Armour
  3896 | D:6      | Reached **** piety under Trog
  3929 | D:6      | Reached skill level 5 in Fighting
  4269 | D:6      | Found a shimmering altar of Xom.
  4385 | D:6      | Found a large runed translucent door.
  4385 | D:6      | Found a large runed translucent door.
  4387 | D:6      | Noticed snaxamus's ghost (novice DsFi)
  4620 | D:7      | Reached XP level 9. HP: 75/75 MP: 8/8
  4832 | D:7      | Found a broken altar of Ashenzari.
  4963 | D:7      | Found a sand-covered staircase.
  4968 | Ossuary  | Entered an ossuary
  5228 | D:7      | Reached ***** piety under Trog
  5760 | D:8      | Found an opulent altar of Gozag.
  5802 | D:8      | Found a blossoming altar of Fedhas.
  5817 | D:8      | Reached XP level 10. HP: 88/88 MP: 9/9
  6103 | D:9      | Reached skill level 10 in Armour
  6364 | D:9      | Found Tistrounti's Antique Armour Shoppe.
  6409 | D:9      | Noticed Maggie
  6424 | D:9      | Noticed Erica
  6425 | D:9      | Killed Maggie
  6436 | D:9      | Killed Erica
  6746 | D:9      | Reached skill level 10 in Fighting
  6817 | D:9      | Found a staircase to the Orcish Mines.
  6913 | Orc:1    | Entered Level 1 of the Orcish Mines
  7109 | Orc:2    | Entered Level 2 of the Orcish Mines
  7109 | Orc:2    | Noticed an orc sorcerer
  7114 | Orc:2    | Killed an orc sorcerer
  7129 | Orc:2    | Found a staircase to the Elven Halls.
  7165 | Orc:2    | Reached XP level 11. HP: 53/101 MP: 10/10
  7219 | Orc:2    | Noticed an orc knight
  7222 | Orc:1    | Noticed an orc knight
  7240 | Orc:1    | Received a gift from Trog
  7242 | Orc:1    | Killed an orc knight
  7321 | Orc:1    | Found a frozen archway.
  7373 | IceCv    | Entered an ice cave
  8024 | IceCv    | Noticed a reaper
  8048 | IceCv    | Killed a reaper
  8057 | IceCv    | Received a gift from Trog
  8207 | Orc:2    | Killed an orc knight
  8366 | Orc:2    | Found Erug Neasiu's Gadget Gallery.
  8486 | Orc:2    | Noticed an orc warlord
  8535 | Orc:2    | Killed an orc warlord
  8540 | Orc:2    | Noticed an orc high priest
  8561 | Orc:2    | HP: 1/105 [orc warrior/+0 long sword (7)]
  8562 | Orc:1    | Noticed Harold
  8725 | D:10     | Entered Level 10 of the Dungeon
  8911 | D:10     | Reached XP level 12. HP: 113/113 MP: 11/11
  8917 | D:10     | Reached skill level 15 in Axes
  9070 | D:10     | Found an ornate altar of the Wu Jian Council.
  9217 | D:10     | Found Dockaur's Assorted Antiques.
  9475 | D:11     | Found a staircase to the Lair.
  9513 | Lair:1   | Entered Level 1 of the Lair of Beasts
 10408 | Lair:1   | Reached skill level 15 in Armour
 10572 | Lair:1   | Noticed Nergalle
 10588 | Lair:1   | Killed Nergalle
 10984 | Lair:2   | Reached ****** piety under Trog
 10989 | Lair:2   | Found a staircase to the Snake Pit.
 11437 | D:11     | Identified the +5 ring mail of the Everdark {Int+3}
 11499 | D:11     | Received a gift from Trog
 11684 | D:12     | Identified the +5 quarterstaff "Utomous" {heavy, rN+}
 11812 | D:12     | Reached XP level 13. HP: 125/125 MP: 4/12
 11937 | D:12     | Identified the +1 hat of Weydan {Int+4 SInv}
 12042 | D:12     | Reached skill level 15 in Fighting
 12368 | Snake:1  | Entered Level 1 of the Snake Pit
 12960 | Snake:1  | Received a gift from Trog
 13100 | Snake:1  | Found Ysiulij's Antique Weapon Emporium.
 13399 | Snake:2  | Noticed Asterion
 13413 | Snake:2  | Noticed a balrug
 13426 | Snake:2  | Killed from afar by Asterion

Illustrated notes

Levels and vault maps discovered:
D:1:      scummos_arrival_gate, layout_loops_ring, kennysheep_flooded_box,
          corexii_leaking_fountain
D:2:      layout_loops_ring, chequers_serial_rivers_micro_e
D:3:      layout_loops_ring, mainiacjoe_overflow_small_starburst
D:4:      layout_gridville, minmay_temple_entry_statues_pillars
D:5:      layout_cave_pools, mainiacjoe_overflow_tiny_flanked,
          grunt_temple_overflow_cloverleaf, minivault_26, nicolae_shop_self_help
D:6:      layout_rooms, led_xom_imps, ebering_ghost_disaster_area
D:7:      layout_gridville, cheibrodos_ashenzari_chains,
          nicolae_ossuary_entry_catacombs
D:8:      layout_rooms, old_standard_altar, nicolae_overflow_hidden_temple,
          special_room [special_room_orc]
D:9:      layout_basic, david_orc_4, serial_shops, shop, uniq_erica, uniq_maggie
D:10:     layout_roguey, mainiacjoe_overflow_brackets, serial_shops, shop
D:11:     layout_irregular_city
D:12:     layout_stronghold, zin_purify
Lair:1:   minmay_lair_oklob_tunnel, layout_layer_cave, fungi_pond_lemuel,
          uniq_nergalle
Lair:2:   layout_hall_layers, nicolae_swamp_entry_spooky,
          minmay_snake_entry_six_corridors, disabler_island,
          lemuel_fruit_fields, uniq_sonja
Snake:1:  layout_misc_corridors, serial_shops, shop
Snake:2:  onia_ninara_swampy_vault, layout_concentric_octagons, serial_shops,
          nicolae_shop_rolling_square, uniq_asterion
Snake:3:  layout_misc_corridors, ebering_ghost_inner_flame
Orc:1:    layout_diamond_mine, portal_ice_cave_entry_pillars_2, basic_altar,
          uniq_harold
Orc:2:    st_orc_congregation, layout_diamond_mine, nicolae_shop_gadgets

Skill      XL: |  1  2  3  4  5  6  7  8  9 10 11 12 13 |
---------------+----------------------------------------+-----
Axes           | 4 5 6 8 9 10 11 12 14 15 17 | 17.2
Shields        | 1 |  1.0
Armour         | 4 7 9 11 13 15 17 | 17.1
Fighting       | 4 6 8 10 12 14 16 | 16.2
Dodging        | |  2.7
Evocations     | |  0.1

Action                     |  1- 3 |  4- 6 |  7- 9 | 10-12 | 13-15 || total
---------------------------+-------+-------+-------+-------+-------++-------
  Melee: Hand axe          |    82 |    99 |   375 |   905 |       ||  1461
         Headbutt          |    11 |    16 |    76 |   264 |    42 ||   409
         Punch             |       |     2 |     8 |    10 |       ||    20
         Battleaxe         |       |       |       |    30 |   199 ||   229
 Invoke: Berserk           |       |     1 |     1 |     7 |     3 ||    12
         Trog's Hand       |       |       |       |     1 |       ||     1
         Brothers in Arms  |       |       |       |     1 |       ||     1
  Evoke: Wand              |       |       |       |     3 |       ||     3
    Use: Scroll            |     7 |     3 |     8 |     8 |     6 ||    32
         Potion            |       |       |       |     2 |     1 ||     3
 Armour: Animal skin       |    12 |       |       |       |       ||    12
         Plate armour      |    12 |    41 |   161 |   424 |   146 ||   784
  Dodge: Dodged            |    47 |    60 |   199 |   481 |   158 ||   945
  Block: Other             |       |    11 |       |       |       ||    11
